 Dungeon Crawl Stone Soup version 0.23.0-33-g5e6c059 (webtiles) character file.

Game seed: 4300491379101744202

2229 Evonexus1234 the Skirmisher (level 9, 6/96 HPs)
             Began as a Deep Dwarf Wanderer on Feb 27, 2019.
             Quit the game on level 7 of the Dungeon.
             The game lasted 00:30:41 (5155 turns).

Evonexus1234 the Skirmisher (Deep Dwarf Wanderer)   Turns: 5155, Time: 00:30:41

Health: 6/96       AC: 13    Str: 17    XL:     9   Next: 14%
Magic:  0/0        EV:  4    Int: 13    God:
Gold:   291        SH:  4    Dex: 12    Spells: 10/10 levels left

rFire    . . .     SeeInvis .   b - +3 scimitar (holy)
rCold    + . .     Gourm    .   C - +0 buckler
rNeg     . . .     Faith    .   L - +0 plate armour (curse)
rPois    .         Spirit   +   h - +1 hat {MR+}
rElec    .         Reflect  .   B - scarf {Spirit}
rCorr    .         Harm     .   g - +0 pair of gloves
MR       ++...                  n - +0 pair of boots
Stlth    ..........             (no amulet)
HPRegen  0.00/turn              j - ring of protection from cold
MPRegen  0.07/turn              x - ring of flight

@: non-regenerating, heavily drained
A: damage resistance, heal wounds, low mp 1, sense surroundings 2, robust 1,
weak 1, no regeneration
a: Heal Wounds, Evoke Flight


You were on level 7 of the Dungeon.
You were not hungry.

You visited 1 branch of the dungeon, and saw 7 of its levels.

You collected 291 gold pieces.

Inventory:

Hand Weapons
 a - a +2 hand axe
 b - a +3 scimitar of holy wrath (weapon)
 e - a +0 shortbow
 i - a +0 war axe
 p - a +0 dagger of holy wrath
 G - a cursed +4 battleaxe
 H - a +0 mace of protection
 O - a +5 great sword of freezing
Missiles
 c - 100 arrows
Armour
 g - a +0 pair of gloves (worn)
 h - a +1 hat of magic resistance (worn)
 n - a +0 pair of boots (worn)
 B - a scarf of spirit shield (worn)
 C - a +0 buckler (worn)
 L - a cursed +0 plate armour (worn)
Jewellery
 j - a ring of protection from cold (left hand)
 x - a ring of flight (right hand)
Wands
 D - a wand of flame (6)
 F - a wand of acid (12)
 M - a wand of polymorph (10)
Scrolls
 k - 5 scrolls of remove curse
 r - a scroll of identify
 w - a scroll of noise {unknown}
 y - 2 scrolls of amnesia {unknown}
 z - a scroll of immolation {unknown}
 A - a scroll of fear {unknown}
 I - 3 scrolls of magic mapping
 K - a scroll of blinking
Potions
 d - 2 potions of lignification
 o - 4 potions of might {unknown}
 q - a potion of curing {unknown}
 s - a potion of flight {unknown}
 t - 2 potions of degeneration {unknown}
 u - a potion of magic {unknown}
 v - a potion of agility {unknown}
 E - a potion of haste {unknown}
 J - 2 potions of brilliance {unknown}
Comestibles
 f - 14 rations
 N - 5 chunks of flesh


   Skills:
 + Level 7.9(5.2) Fighting
 - Level 7.3(4.6) Axes
 - Level 2.1(0.0) Armour
 - Level 2.3(0.0) Dodging
 - Level 3.1(0.7) Stealth
 - Level 5.3(2.7) Shields
 - Level 1.0(0.0) Spellcasting
   Level 1.5(0.0) Poison Magic


You had 10 spell levels left.
You didn't know any spells.
Your spell library was empty.

Dungeon Overview and Level Annotations

Branches:
Dungeon (7/15)
 Temple: D:4-7

Altars:
Ashenzari
Vehumet
The Shining One

Shops:
D:6 *


Innate Abilities, Weirdness & Mutations

You are resistant to damage.
You can heal yourself by infusing magical energy.
You passively map the area around you.
You do not regenerate.
Your magical capacity is low. (-10% MP)
You are robust. (+10% HP)
You are weak. (Str -2)


Message History

You miss the orc wizard. The orc priest barely misses you.
The orc priest hits you but does no damage.
The orc wizard hits you but does no damage.
The orc priest mumbles some strange prayers to Beogh against you.
Beogh smites you!
* * * LOW HITPOINT WARNING * * *
The orc priest hits you but does no damage.
Your plate armour prevents you from hitting the orc priest.
The orc wizard hits you but does no damage.
The orc priest hits you but does no damage.
The orc priest shouts loudly.
You block the orc priest's attack.
You closely miss the orc priest.
The orc wizard hits you but does no damage.
The orc priest mumbles some strange prayers to Beogh against you.
Beogh smites you!
* * * LOW HITPOINT WARNING * * *
The orc priest casts a cantrip, but nothing happens.
The orc wizard hits you but does no damage.
Are you sure you want to abandon this character and quit the game? (Confirm with "yes".)

, , ** ***
* ... , ,
.... , *
*, #.#.#.
, , ,* ,
*#.#.#.# ,
, * ** ,
#.#.#.. ,,
, *
#.#.##Z##
** ,
*#.#.##oo#
,, , ,
#.#.###@#
,, ,
,#...##o.#
, ,
#..###.##
, ,
#.###..#
,, ,
#<##..##
*,
*#.##.## *
##...# *
#.###
,,...#


You could see 2 orc priests, an orc wizard and a bullfrog zombie.

Vanquished Creatures
  The ghost of dwoobler the Charmwright, a novice GnSk (D:4)
  An orc warrior (D:6)
  A hornet zombie (D:6)
  A phantom (D:5)
  2 centaurs
  2 ogres
  A big kobold (D:4)
  3 bullfrogs
  A gnoll sergeant (D:6)
  9 wights (D:6)
  3 crimson imps
  A bullfrog zombie (D:5)
  A centaur zombie (D:4)
  A jelly (D:6)
  2 orc priests
  An orc wizard (D:6)
  An iguana (D:6)
  4 worker ants
  2 hound zombies (D:6)
  A hound skeleton (D:5)
  7 adders
  3 gnolls (D:6)
  2 shadow imps (D:6)
  2 oozes
  4 worms
  4 dart slugs
  3 leopard geckos
  12 orcs
  A ball python (D:3)
  3 giant cockroaches
  6 goblins
  4 hobgoblins
  5 jackals
  9 kobolds
  A quokka (D:3)
  6 bats
  4 frilled lizards
  2 giant cockroach zombies
  A leopard gecko skeleton (D:6)
  A quokka skeleton (D:5)
  7 rats
126 creatures vanquished.

Notes
Turn   | Place    | Note
-------+----------+-------------------------------------------
     0 | D:1      | Evonexus1234 the Deep Dwarf Wanderer began the quest for
                  | the Orb.
     0 | D:1      | Evonexus1234 set off with the following items: a +2 hand
                  | axe, a +0 shortbow, 24 arrows, a potion of lignification, a
                  | +0 robe, a ration
     0 | D:1      | Reached XP level 1. HP: 18/18 MP: 2/2
   188 | D:1      | Gained mutation: You are weak. (Str -2) [potion of
                  | mutation]
   188 | D:1      | Gained mutation: Your magical capacity is low. (-10% MP)
                  | [potion of mutation]
   188 | D:1      | Gained mutation: You are robust. (+10% HP) [potion of
                  | mutation]
   379 | D:1      | Reached XP level 2. HP: 26/28 MP: 3/3
   767 | D:2      | Reached XP level 3. HP: 29/35 MP: 4/4
   829 | D:2      | Reached skill level 1 in Dodging
   970 | D:2      | Found a glowing golden altar of the Shining One.
  1436 | D:3      | Reached XP level 4. HP: 19/42 MP: 4/4
  1993 | D:4      | Found a runed translucent gate.
  1999 | D:4      | Noticed dwoobler's ghost (novice GnSk)
  2000 | D:4      | Found a runed translucent gate.
  2000 | D:4      | Found a runed translucent gate.
  2000 | D:4      | Noticed a big kobold
  2065 | D:4      | Reached XP level 5. HP: 30/52 MP: 5/5
  2480 | D:4      | Noticed an ogre
  2488 | D:4      | Killed an ogre
  2965 | D:4      | Reached XP level 6. HP: 19/63 MP: 0/5
  3083 | D:4      | Killed dwoobler's ghost
  3083 | D:4      | Reached skill level 5 in Shields
  3083 | D:4      | Reached XP level 7. HP: 22/72 MP: 0/6
  3145 | D:5      | Entered Level 5 of the Dungeon
  3484 | D:5      | Reached skill level 5 in Axes
  3847 | D:5      | Reached XP level 8. HP: 53/80 MP: 0/7
  4296 | D:6      | Found Xateu's General Store.
  4370 | D:6      | Found a radiant altar of Vehumet.
  4370 | D:6      | Found a shattered altar of Ashenzari.
  4401 | D:6      | Reached skill level 5 in Fighting
  4896 | D:6      | Gained mutation: You passively map the area around you.
                  | [Deep Dwarf growth]
  4896 | D:6      | Reached XP level 9. HP: 66/94 MP: 0/2
  5155 | D:7      | Quit the game

Skill      XL: |  1  2  3  4  5  6  7  8 |
---------------+-------------------------+-----
Fighting       | 2 4 7 |  7.9
Axes           | 3 6 7 |  7.3
Dodging        | 2 |  2.3
Stealth        | 3 |  3.1
Shields        | 5 |  5.3
Armour         | |  2.1
Spellcasting   | |  1.0
Poison Magic   | |  1.5

Action                   |  1- 3 |  4- 6 |  7- 9 || total
-------------------------+-------+-------+-------++-------
Melee: Hand axe          |    93 |   191 |   536 ||   820
       Dagger            |       |    17 |       ||    17
       Scimitar          |       |       |     5 ||     5
 Fire: Shortbow          |    21 |       |       ||    21
 Abil: Heal Wounds       |       |     8 |    28 ||    36
  Use: Scroll            |     5 |       |     1 ||     6
       Potion            |     1 |       |     1 ||     2
 Stab: Invisible         |       |       |     7 ||     7
  Eat: Chunk             |     2 |     4 |     6 ||    12
       Ration            |       |     1 |       ||     1
Armor: Ring mail         |     2 |       |       ||     2
       Scale mail        |    38 |   102 |   200 ||   340
       Plate armour      |       |       |     7 ||     7
Dodge: Dodged            |    38 |    89 |   206 ||   333
Block: Buckler           |       |    22 |    94 ||   116
